 Dungeon Crawl Stone Soup version 0.29.1-15-g9cfb28693d (webtiles) character file.

Game seed: 5243887466667248754

795 leetdood the Chopper (level 7, -2/60 (61) HPs)
             Began as a Minotaur Fighter on Mar 10, 2023.
             Was a Follower of Okawaru.
             Slain by a wight
             ... wielding a +1 great sword of freezing
              (13 damage)
             ... on level 5 of the Dungeon.
             The game lasted 00:18:19 (4780 turns).

leetdood the Chopper (Minotaur Fighter)             Turns: 4780, Time: 00:18:20

HP:   -2/60 (61)    AC: 11    Str: 22    XL:     7   Next: 58%
MP:   7/7           EV:  7    Int:  5    God:    Okawaru [*.....]
Gold: 136           SH:  5    Dex: 10    Spells: 6/6 levels left

rFire   . . .      SeeInvis .   a - +1 war axe
rCold   . . .      Faith    .   c - +0 buckler
rNeg    . . .      Spirit   .   v - +0 chain mail
rPois   .          Reflect  .   (helmet restricted)
rElec   .          Harm     .   (no cloak)
rCorr   .          Rampage  .   e - +0 pair of gloves
Will    .....                   (no boots)
Stlth   ..........              (no amulet)
HPRegen 0.20/turn               (no ring)
MPRegen 0.10/turn               (no ring)

@: lightly drained
A: horns 2, retaliatory headbutt
a: Renounce Religion, Heroism


You were on level 5 of the Dungeon.
You worshipped Okawaru.
Okawaru was aware of your devotion.
You visited 1 branch of the dungeon, and saw 5 of its levels.

You collected 136 gold pieces.

Inventory:

Hand Weapons
 a - a +1 war axe (weapon)
Missiles
 x - 3 boomerangs (quivered)
Armour
 c - a +0 buckler (worn)
 e - a +0 pair of gloves (worn)
 v - a +0 chain mail (worn)
Jewellery
 o - a ring of fire
 t - an amulet of the acrobat
 y - a ring of poison resistance
Wands
 b - a wand of polymorph (8)
Scrolls
 f - 3 scrolls of teleportation
 i - a scroll of enchant armour {unknown}
 j - a scroll of silence {unknown}
 l - a scroll of enchant weapon
 m - a scroll of blinking {unknown}
 n - 2 scrolls of butterflies {unknown}
 p - 2 scrolls of fear
 q - a scroll of magic mapping {unknown}
 r - a scroll of immolation {unknown}
Potions
 d - 3 potions of might
 g - 2 potions of cancellation {unknown}
 h - 5 potions of curing
 k - 4 potions of heal wounds
 s - a potion of lignification {unknown}
 u - 2 potions of magic {unknown}
 w - a potion of ambrosia {unknown}
 z - a potion of brilliance {unknown}


   Skills:
 + Level 5.6 Fighting
 * Level 6.6 Axes
 + Level 5.6 Armour
 + Level 5.6 Shields
 + Level 2.2 Invocations


You had 6 spell levels left.
You didn't know any spells.
Your spell library contained the following spells:

 Spells                   Type           Power      Damage    Failure   Level
 Ignite Poison            Fire/Tmut/Pois 0%         N/A       100%        3
 Mephitic Cloud           Conj/Pois/Air  0%         N/A       100%        3
 Freezing Cloud           Conj/Ice/Air   0%         6-21      100%        5


Dungeon Overview and Level Annotations

Branches:
Dungeon (5/15)             Temple (0/1) D:4

Altars:
Kikubaaqudgha
Okawaru
Sif Muna


Innate Abilities, Weirdness & Mutations

You have a pair of horns on your head.
You reflexively headbutt those who attack you in melee.


Message History

The wight freezes you.
You slash the wight!
The wight is heavily damaged.
The wight hits you with a +2 morningstar of freezing!
The wight freezes you.
You barely miss the wight. You headbutt the wight!
You destroy the wight!
Okawaru accepts your kill. The wight hits you but does no damage.
You hit the wight. You headbutt the wight.
The wight is heavily damaged.
The wight hits you with a +1 great sword of freezing!
The wight freezes you.
You barely miss the wight.
The wight is heavily damaged.
The wight hits you but does no damage.
You hit the wight but do no damage.
You headbutt the wight, but do no damage.
The wight is heavily damaged.
The wight barely misses you.
You closely miss the wight.
The wight is heavily damaged.
The wight hits you with a +1 great sword of freezing.
You feel drained. The wight freezes you.
You fail to use your ability.
The wight hits you with a +1 great sword of freezing!
* * * LOW HITPOINT WARNING * * *
The wight freezes you.
* * * LOW HITPOINT WARNING * * *
You closely miss the wight.
The wight is heavily damaged.
The wight hits you with a +1 great sword of freezing.
* * * LOW HITPOINT WARNING * * *
The wight freezes you.
* * * LOW HITPOINT WARNING * * *
You barely miss the wight. You headbutt the wight.
The wight is severely damaged.
You block the wight's attack.
The wight hits you with a +1 great sword of freezing!
You die...

######## #......#
##......# ##.......#
#........# >
#####.#......######....
...............@z......
#......#.###########....
..######.# . ..# ###..#
..# #...## ..# #.###
..###.#######
..#..........
....#########


You could see a wight.

Vanquished Creatures
  Sigmund (D:4)
  5 wights
  2 orc priests (D:4)
  A jelly (D:5)
  An iguana (D:4)
  Natasha (twice) (D:2)
  3 orc wizards
  An adder (D:2)
  3 gnolls (D:3)
  2 worms
  2 dart slugs
  13 orcs
  9 bats
  5 endoplasms
  4 giant cockroaches
  9 goblins
  6 hobgoblins
  4 jackals
  2 quokkas
  6 ball pythons
  A frilled lizard (D:1)
  11 kobolds
  3 rats
96 creatures vanquished.

Notes
Turn   | Place    | Note
-------+----------+-------------------------------------------
     0 | D:1      | leetdood the Minotaur Fighter began the quest for the Orb.
     0 | D:1      | Reached XP level 1. HP: 19/19 MP: 0/0
    68 | D:1      | Reached XP level 2. HP: 26/27 MP: 1/1
   136 | D:1      | Reached skill level 3 in Axes
   273 | D:1      | Found a faded altar of an unknown god.
   631 | D:2      | Found an iron altar of Okawaru.
   650 | D:2      | Became a worshipper of Warmaster Okawaru
   669 | D:2      | Reached XP level 3. HP: 33/33 MP: 2/2
   719 | D:2      | Noticed Natasha
   731 | D:2      | Killed Natasha
  1000 | D:2      | Reached XP level 4. HP: 40/40 MP: 3/3
  1276 | D:2      | Noticed Natasha
  1287 | D:2      | Killed Natasha
  1288 | D:2      | Reached skill level 4 in Axes
  1520 | D:3      | Identified the +1 leather armour "Jefiysm" {rPois Str+3}
  1564 | D:3      | Reached * piety under Okawaru
  2023 | D:3      | Reached XP level 5. HP: 42/47 MP: 4/4
  2868 | D:4      | Found a staircase to the Ecumenical Temple.
  3067 | D:4      | Reached skill level 5 in Axes
  3532 | D:4      | Noticed Sigmund
  3546 | D:4      | Killed Sigmund
  3547 | D:4      | Reached skill level 5 in Fighting
  3547 | D:4      | Reached skill level 5 in Armour
  3547 | D:4      | Reached skill level 5 in Shields
  3547 | D:4      | Reached skill level 1 in Invocations
  3547 | D:4      | Reached XP level 6. HP: 25/56 MP: 2/5
  3948 | D:4      | Found an ancient bone altar of Kikubaaqudgha.
  3980 | D:4      | Found a shimmering blue altar of Sif Muna.
  4364 | D:5      | Entered Level 5 of the Dungeon
  4372 | D:4      | Reached skill level 6 in Axes
  4372 | D:4      | Reached XP level 7. HP: 41/60 MP: 7/7
  4780 | D:5      | Slain by a wight

Illustrated notes

Levels and vault maps discovered:
D:1:      minmay_arrival_cross, layout_rooms, dreamdust_ecumenical_altar_statues
D:2:      layout_basic, basic_altar, uniq_natasha
D:3:      layout_basic, minmay_box_of_dots
D:4:      layout_loops_corners, mainiacjoe_overflow_two_lobes,
          minmay_temple_entry_glass, kennysheep_generic_room_16, uniq_sigmund
D:5:      minmay_goblin_kobold_castle, layout_rooms

Skill      XL: |  1  2  3  4  5  6  7 |
---------------+----------------------+-----
Axes           | 3 4 5 6 |  6.6
Armour         | 4 5 |  5.6
Fighting       | 4 5 |  5.6
Shields        | 4 5 |  5.6
Invocations    | 1 2 |  2.2

Action                   |  1- 3 |  4- 6 |  7- 9 || total
-------------------------+-------+-------+-------++-------
Melee: War axe           |    65 |   134 |    24 ||   223
       Headbutt          |     9 |    12 |     7 ||    28
Invok: Heroism           |       |     1 |     1 ||     2
  Use: Scroll            |       |     8 |       ||     8
Armor: Scale mail        |    32 |    18 |       ||    50
       Chain mail        |       |    27 |    11 ||    38
Dodge: Dodged            |    30 |    34 |     6 ||    70
Block: Buckler           |    10 |    24 |     6 ||    40
